 Dungeon Crawl Stone Soup version 0.27-a0-1290-g15d3ce7508 (webtiles) character file.

Game seed: 11888604526495262076

189 27snakeeyes612 the Shield-Bearer (level 5, -2/26 (28) HPs)
             Began as a Vine Stalker Fighter on June 15, 2021.
             Splashed by a jelly's acid (8 damage)
             ... on level 3 of the Dungeon.
             The game lasted 00:03:06 (3006 turns).

27snakeeyes612 the Shield-Bearer (VSFi)             Turns: 3006, Time: 00:03:07

HP:   -2/26 (28)    AC: -9    Str: 20    XL:     5   Next: 68%
MP:   0/6           EV:  7    Int:  8    God:
Gold: 62            SH:  9    Dex: 13    Spells: 4/4 levels left

rFire    . . .     SeeInvis .   k - +0 whip
rCold    . . .     Faith    .   c - +0 kite shield
rNeg     . . .     Spirit   +   b - +0 scale mail
rPois    .         Reflect  .   (no helmet)
rElec    .         Harm     .   (no cloak)
rCorr    .         Rampage  .   (no gloves)
Will     .....                  (no boots)
Stlth    ..........             (no amulet)
HPRegen  1.08/turn              (no ring)
MPRegen  0.10/turn              (no ring)

@: corroded, drained
A: fangs 2, regeneration 1, magic shield, antimagic bite, no potion heal 2
a: no special abilities


You were on level 3 of the Dungeon.
You visited 1 branch of the dungeon, and saw 3 of its levels.

You collected 62 gold pieces.

Inventory:

Hand Weapons
 a - a +0 flail
 k - a +0 whip (weapon)
Missiles
 m - a throwing net (quivered)
Armour
 b - a +0 scale mail (worn)
 c - a +0 kite shield (worn)
 l - a +0 tower shield
Jewellery
 j - a +6 ring of strength
Wands
 p - a wand of acid (12)
Scrolls
 e - a scroll of noise {unknown}
 g - a scroll of identify {unknown}
 i - 3 scrolls of teleportation {unknown}
 q - a scroll of amnesia {unknown}
 r - a scroll of fog {unknown}
Potions
 d - a potion of might
 f - 2 potions of flight {unknown}
 h - 2 potions of resistance {unknown}
 n - a potion of curing {unknown}
 o - a potion of invisibility {unknown}
 s - a potion of heal wounds {unknown}


   Skills:
 + Level 3.2 Fighting
 + Level 2.8 Maces & Flails
 + Level 3.3 Armour
 + Level 0.7 Dodging
 + Level 0.1 Stealth
 + Level 3.7 Shields


You had 4 spell levels left.
You didn't know any spells.
Your spell library was empty.

Dungeon Overview and Level Annotations

Branches:
Dungeon (3/15)

Altars:


Innate Abilities, Weirdness & Mutations

You have extremely sharp teeth.
Your natural rate of healing is unusually fast.
When hurt, damage is shared between your health and your magic reserves.
Your bite disrupts and absorbs the magic of your enemies.
Potions cannot restore your health.


Message History

No target in view!
No target in view!
No target in view!
No target in view!
No target in view!
No target in view!
No target in view!
No target in view!
No target in view!
No target in view!
No target in view!
Found a stone staircase leading down.
You see here a +0 leather armour.
Found a stone staircase leading down.
There is a stone staircase leading down here.
Found a pair of gloves.
No target in view!
You see here a +0 pair of gloves.
There is a stone staircase leading up here.
You now have 62 gold pieces (gained 17).
There is a stone staircase leading down here.
A jelly comes into view.
The jelly quivers.
You hit the jelly. The acid corrodes you!
Your hands burn!
The jelly is moderately wounded.
The jelly hits you.
You are splashed with acid!
You hit the jelly. The acid corrodes you!
Your hands burn!
You bite the jelly. You drain its power.
You feel invigorated.
The jelly is heavily wounded.
You block the jelly's attack. The jelly hits you. The acid corrodes you!
You are splashed with acid!
* * * LOW HITPOINT WARNING * * *
You hit the jelly but do no damage.
Your hands burn!
* * * LOW HITPOINT WARNING * * *
You bite the jelly, but do no damage.
The jelly is heavily wounded.
The jelly hits you.
* * * LOW HITPOINT WARNING * * *
The acid corrodes you!
You are splashed with acid!
You die...

########## #........#########
#........##.......
#######........##.#####.
...............##.# #.
...............##.# #.
...............##.# #.
......J@.......##.# #.
##############..#.#####.
#......#.....#. #......#####.#.
####......#.....#.
########...........#####.
#........##..............
#........##........#.###.
#########........##........#...#.


You could see a jelly.

Vanquished Creatures
  Terence (D:3)
  An orc wizard (D:2)
  3 gnolls
  3 adders
  2 worms (D:3)
  A dart slug (D:1)
  6 orcs
  7 endoplasms
  5 giant cockroaches
  4 goblins
  6 hobgoblins
  2 jackals (D:1)
  2 kobolds
  5 quokkas
  6 ball pythons
  5 bats
  4 frilled lizards
  6 rats
69 creatures vanquished.

Notes
Turn   | Place    | Note
-------+----------+-------------------------------------------
     0 | D:1      | 27snakeeyes612 the Vine Stalker Fighter began the quest for
                  | the Orb.
     0 | D:1      | Reached XP level 1. HP: 11/11 MP: 2/2
   199 | D:1      | Reached XP level 2. HP: 7/16 MP: 1/3
   569 | D:1      | Found a faded altar of an unknown god.
   861 | D:1      | Reached XP level 3. HP: 19/19 MP: 4/4
  1948 | D:2      | Gained mutation: Your natural rate of healing is unusually
                  | fast. [Vine Stalker growth]
  1948 | D:2      | Reached XP level 4. HP: 24/24 MP: 5/5
  2195 | D:2      | Reached XP level 5. HP: 28/28 MP: 6/6
  2522 | D:3      | Noticed Terence
  2547 | D:3      | Killed Terence
  3006 | D:3      | Splashed by a jelly's acid

Illustrated notes

Levels and vault maps discovered:
D:1:      dpeg_cavernosity, layout_rooms, shapermc_ecumenical_altar_mp_highgroup
D:2:      layout_basic
D:3:      layout_basic, uniq_terence

Skill      XL: |  1  2  3  4 |
---------------+-------------+-----
Shields        | 3 |  3.7
Maces & Flails | 2 |  2.8
Fighting       | 3 |  3.2
Armour         | 3 |  3.3
Dodging        | |  0.7
Stealth        | |  0.1

Action                   |  1- 3 |  4- 6 || total
-------------------------+-------+-------++-------
Melee: Flail             |    86 |       ||    86
       Bite              |    23 |    52 ||    75
       Whip              |     1 |   138 ||   139
  Use: Potion            |     1 |       ||     1
Armor: Scale mail        |    37 |    58 ||    95
Dodge: Dodged            |    35 |    37 ||    72
Block: Kite shield       |    58 |    71 ||   129

Table legend: (Time is in decaauts)
 A = Elapsed time spent in this place.
 B = Non-inter-level travel time spent in this place.
 C = Inter-level travel time spent in this place.
 D = Time resting spent in this place.
 E = Time spent auto-exploring this place.
 F = Levels seen in this place.
 G = Mean time per level.
                   A        B        C        D        E       F      G
               +--------+--------+--------+--------+--------+-----+--------+
         Total |   3080 |   3010 |     70 |    180 |   2120 |   3 | 1026.7 |
       Dungeon |   3080 |   3010 |     70 |    180 |   2120 |   3 | 1026.7 |
               +--------+--------+--------+--------+--------+-----+--------+

Top non-repeatable levels by time:
     D:1: 1474 daAuts
     D:2: 982 daAuts
     D:3: 623 daAuts
